[Event "Titled Tuesday Blitz February 15 Early 2022"]
[White "Viani Antonio Dcunha"]
[Black "Moroni, Luca Jr"]
[WhiteFideId "5027330"]
[BlackFideId "865834"]
[WhiteElo "2366"]
[BlackElo "2573"]
[Result "0-1"]
[Round "03"]
[TimeControl "180+1"]
[Date "2022.02.15"]
[WhiteClock "0:00:15"]
[BlackClock "0:00:46"]

1. e4 d6 2. d4 e5 3. Nf3 exd4 4. Nxd4 Nf6 5. Nc3 Be7 6. Bf4 O-O 7. Qd2 Nc6 8. O-O-O Nxd4 9. Qxd4 Be6 10. f3 a6 11. g4 b5 12. h4 c5 13. Qd2 b4 14. Nd5 Bxd5 15. exd5 Re8 16. Bc4 Nd7 17. g5 Nb6 18. Qd3 Qd7 19. Rhe1 Bf8 20. Rxe8 Rxe8 21. Bxa6 Qh3 22. Bb5 Ra8 23. Kb1 Qxh4 24. Qe4 g6 25. Bc6 Ra7 26. c4 bxc3 27. bxc3 Re7 28. Qxe7 Bxe7 29. Bc1 Bxg5 30. Bb2 h5 31. Bb5 Nc4 32. a4 Nxb2 33. Kxb2 Qf2+ 34. Kb3 Qxf3 35. Rd3 Qf1 36. Bc4 Qb1+ 0-1


[Site "https://www.chess.com"]

[Event "Titled Tuesday Blitz February 15 Early 2022"]
[White "Vifleemskaia, Svetlana"]
[Black "Ianov, Viktor"]
[WhiteFideId "4129490"]
[BlackFideId "14102730"]
[WhiteElo "1901"]
[BlackElo "2215"]
[Result "0-1"]
[Round "03"]
[TimeControl "180+1"]
[Date "2022.02.15"]
[WhiteClock "0:00:12"]
[BlackClock "0:01:38"]

1. d4 d6 2. e4 Nf6 3. Nc3 c6 4. h3 Nbd7 5. Be3 e5 6. Nf3 Be7 7. Qd2 O-O 8. O-O-O b5 9. g4 b4 10. Ne2 Nxe4 11. Qd3 d5 12. Nxe5 Nxe5 13. dxe5 a5 14. Nd4 Qc7 15. Bf4 Nxf2 16. Qf3 Nxh1 17. Qxh1 Be6 18. Nf5 a4 19. Bd3 b3 20. a3 bxc2 21. Bxc2 Rfb8 22. Qf3 Qb7 23. Nxe7+ Qxe7 24. Qd3 g6 25. h4 Qxh4 26. Qe3 Qxg4 27. Rg1 Qh3 28. Rg3 Qf1+ 29. Bd1 Rb3 30. Qd2 Rxg3 31. Bxg3 Bg4 0-1


[Site "https://www.chess.com"]

[Event "Titled Tuesday Blitz February 15 Early 2022"]
[White "Vivas Zamora, Fabian Ernesto"]
[Black "Viskelis, Darius"]
[WhiteFideId "3902480"]
[BlackFideId "12800830"]
[WhiteElo "1966"]
[BlackElo "1999"]
[Result "1-0"]
[Round "03"]
[TimeControl "180+1"]
[Date "2022.02.15"]
[WhiteClock "0:00:03"]
[BlackClock "0:00:02"]

1. c4 e6 2. Nf3 d5 3. b3 c5 4. e3 Nc6 5. cxd5 exd5 6. Bb5 Bd7 7. O-O Nf6 8. d4 a6 9. Bxc6 Bxc6 10. dxc5 Bxc5 11. Ba3 Bxa3 12. Nxa3 O-O 13. Nc2 Bb5 14. Re1 Ne4 15. Ncd4 Bd7 16. Rc1 Bg4 17. h3 Bh5 18. Qc2 Rc8 19. Qb2 Qf6 20. Re2 Bxf3 21. Rxc8 Rxc8 22. Nxf3 Qxb2 23. Rxb2 Rc1+ 24. Kh2 Rf1 25. Rc2 g6 26. Rc8+ Kg7 27. Rc7 Rxf2 28. a4 b5 29. axb5 axb5 30. Nd4 h5 31. Nxb5 h4 32. Nd4 Ng3 33. Nf3 g5 34. Rc1 Rb2 35. Nxg5 Rxb3 36. Nf3 Nf5 37. Rd1 Nxe3 38. Rd4 Rb1 39. Nxh4 Nf1+ 40. Kg1 Ng3+ 41. Kf2 Ne4+ 42. Kf3 Rf1+ 43. Kg4 1-0


[Site "https://www.chess.com"]

[Event "Titled Tuesday Blitz February 15 Early 2022"]
[White "Vlassov, Nikolai"]
[Black "Petrosyan, Manuel"]
[WhiteFideId "4103360"]
[BlackFideId "13300857"]
[WhiteElo "2407"]
[BlackElo "2592"]
[Result "1-0"]
[Round "03"]
[TimeControl "180+1"]
[Date "2022.02.15"]
[WhiteClock "0:00:47"]
[BlackClock "0:00:01"]

1. e4 c6 2. d4 d5 3. e5 Bf5 4. Nc3 h5 5. Nf3 e6 6. Bd3 Bxd3 7. Qxd3 Ne7 8. O-O Nf5 9. Ne2 Be7 10. Ng3 Nxg3 11. fxg3 Nd7 12. Be3 Qb6 13. b3 O-O-O 14. c4 dxc4 15. bxc4 Qa6 16. Qc2 Nb6 17. Nd2 Bb4 18. Rxf7 Bxd2 19. Bxd2 Rxd4 20. Bg5 Qxc4 21. Qf2 Nd7 22. Rxg7 Qd5 23. Rf1 Rd1 24. h3 Rxf1+ 25. Qxf1 a5 26. Kh2 h4 27. Bxh4 Qxe5 28. Qf7 Qd6 29. Be7 Qd4 30. Bf6 1-0


[Site "https://www.chess.com"]

[Event "Titled Tuesday Blitz February 15 Early 2022"]
[White "Vokhidov, Shamsiddin"]
[Black "Sokolovsky, Yahli"]
[WhiteFideId "14204223"]
[BlackFideId "2820242"]
[WhiteElo "2611"]
[BlackElo "1770"]
[Result "0-1"]
[Round "03"]
[TimeControl "180+1"]
[Date "2022.02.15"]
[WhiteClock "0:00:10"]
[BlackClock "0:00:05"]

1. e4 g6 2. d4 Bg7 3. Nf3 d6 4. Bc4 e6 5. Qe2 Nf6 6. O-O O-O 7. Nbd2 d5 8. Bb3 h6 9. c3 b6 10. Re1 Bb7 11. e5 Nfd7 12. Nf1 c5 13. Be3 Nc6 14. Qd2 Kh7 15. h4 cxd4 16. cxd4 Na5 17. N1h2 Nc4 18. Qe2 a5 19. Bc2 Ba6 20. Bd3 Nxe3 21. Bxa6 Nc2 22. Qxc2 Rxa6 23. h5 Qc8 24. hxg6+ fxg6 25. Qe2 Ra7 26. Rac1 Rc7 27. Qe3 Rc2 28. Red1 Qc4 29. b3 Qc6 30. Ne1 Rxc1 31. Rxc1 Qb7 32. Qh3 Re8 33. Nhf3 Kg8 34. Nd3 Nf8 35. Nf4 Rc8 36. Re1 Qf7 37. Qg4 Rc2 38. Re2 Rc1+ 39. Kh2 g5 40. Nh5 Ng6 41. g3 Bh8 42. Kg2 Kh7 43. Re3 Qf5 44. Nh2 Qxg4 45. Nxg4 Ne7 46. Ngf6+ Kg6 47. Rf3 Nf5 48. Rd3 Rc2 49. a4 Rb2 50. Rc3 Nxd4 51. Rc8 Bxf6 52. exf6 Nf5 53. Rg8+ Kf7 54. Rh8 Kg6 55. g4 Nh4+ 56. Kf1 Rb1+ 57. Ke2 Ng2 58. Rg8+ Kf7 59. Rg7+ Kf8 60. Rb7 Rb2+ 61. Kf3 Nh4+ 62. Ke3 Rxb3+ 63. Kd4 Nf3# 0-1


[Site "https://www.chess.com"]

[Event "Titled Tuesday Blitz February 15 Early 2022"]
[White "Weetik, Vjacheslav"]
[Black "Narayanan.S.L"]
[WhiteFideId "4153472"]
[BlackFideId "5058422"]
[WhiteElo "2469"]
[BlackElo "2494"]
[Result "0-1"]
[Round "03"]
[TimeControl "180+1"]
[Date "2022.02.15"]
[WhiteClock "0:00:02"]
[BlackClock "0:01:22"]

1. d4 e6 2. Bf4 Bd6 3. Bxd6 cxd6 4. e4 Nf6 5. Nd2 O-O 6. Ngf3 Nc6 7. c3 b6 8. Bd3 Bb7 9. O-O Ne7 10. Re1 Ng6 11. a4 a6 12. Qb3 Rb8 13. Bf1 d5 14. e5 Ne4 15. Nxe4 dxe4 16. Nd2 f5 17. Nc4 Bd5 18. Qd1 Qg5 19. Nd6 Nh4 20. Kh1 e3 21. f3 f4 22. c4 Ba8 23. b4 Nf5 24. Qd3 Nxd6 25. exd6 Rf6 26. c5 Rh6 27. Kg1 Qh4 28. h3 Qf2+ 29. Kh1 Bxf3 0-1


[Site "https://www.chess.com"]

[Event "Titled Tuesday Blitz February 15 Early 2022"]
[White "Willow, Jonah B"]
[Black "Terry, Renato"]
[WhiteFideId "438804"]
[BlackFideId "3803457"]
[WhiteElo "2261"]
[BlackElo "2577"]
[Result "0-1"]
[Round "03"]
[TimeControl "180+1"]
[Date "2022.02.15"]
[WhiteClock "0:00:07"]
[BlackClock "0:00:08"]

1. e4 e6 2. d4 d5 3. Nd2 Be7 4. e5 c5 5. c3 Nc6 6. Bd3 cxd4 7. cxd4 Qb6 8. Ndf3 Bb4+ 9. Kf1 Bd7 10. Ne2 Be7 11. a3 Na5 12. b4 Nc4 13. Bxc4 dxc4 14. d5 exd5 15. Qxd5 Qc6 16. Qd4 Be6 17. Qc3 Rc8 18. Ned4 Qe4 19. Nxe6 fxe6 20. Be3 Nh6 21. Bxh6 gxh6 22. Re1 Qd3+ 23. Qxd3 cxd3 24. g3 Rc3 25. Ra1 Rf8 26. Kg2 Bd8 27. Rhc1 Rb3 28. Ra2 Bg5 29. Rc8+ Kf7 30. Rxf8+ Kxf8 31. Nd4 Rc3 32. Nxe6+ Ke7 33. Nxg5 hxg5 34. Kf3 Ke6 35. Ke4 Rc2 36. Ra1 Rxf2 37. Kxd3 Rxh2 38. Rc1 Rh3 39. Rc7 Rxg3+ 40. Ke4 h5 41. Rxb7 Rg4+ 42. Kf3 Rf4+ 43. Ke3 h4 44. Rxa7 Kxe5 45. Rh7 Rg4 46. Kf2 Rg3 47. a4 Rb3 48. b5 Kf4 49. Rf7+ Kg4 50. Rf6 h3 51. b6 Rb2+ 52. Ke3 Kg3 53. Rh6 h2 54. a5 Kg2 55. Rh7 Rb3+ 56. Kd4 Rh3 57. Rxh3 Kxh3 58. b7 h1=Q 59. b8=Q Qg1+ 60. Ke4 Qe1+ 61. Kd3 Qxa5 62. Qh8+ Kg4 63. Qd4+ Kh5 64. Qh8+ Kg4 65. Qd4+ Kh3 66. Qe3+ Kh4 67. Qf2+ Kh5 68. Qf7+ Kg4 69. Qd7+ Qf5+ 70. Qxf5+ Kxf5 71. Ke2 Kg4 72. Kf2 Kh3 73. Kg1 Kg3 74. Kh1 g4 75. Kg1 Kh3 76. Kf2 Kh2 0-1


[Site "https://www.chess.com"]

[Event "Titled Tuesday Blitz February 15 Early 2022"]
[White "Winkels, Marcel"]
[Black "Hajiyeva, Laman"]
[WhiteFideId "1003887"]
[BlackFideId "13415875"]
[WhiteElo "1900"]
[BlackElo "1728"]
[Result "0-1"]
[Round "03"]
[TimeControl "180+1"]
[Date "2022.02.15"]
[WhiteClock "0:00:43"]
[BlackClock "0:01:30"]

1. e4 e5 2. Nf3 Nc6 3. Bb5 a6 4. Bxc6 dxc6 5. O-O Bd6 6. d4 exd4 7. Qxd4 f6 8. Nc3 Ne7 9. Qc4 Ng6 10. Rd1 Qe7 11. Qb3 Qf7 12. Qxf7+ Kxf7 13. h3 Re8 14. Be3 Ne5 15. Nxe5+ Bxe5 16. f3 Be6 17. Bd4 Bxd4+ 18. Rxd4 Red8 19. Rad1 Ke7 20. Kf2 b5 21. Rxd8 Rxd8 22. Rxd8 Kxd8 23. a4 Ke7 24. Ke3 Kd6 25. axb5 cxb5 26. Ne2 c5 27. Nf4 Bf7 28. g4 a5 29. c3 b4 30. Kd3 a4 31. cxb4 cxb4 32. Ne2 a3 33. bxa3 bxa3 34. Kc3 a2 35. Kb2 Ke5 36. Ka1 Bc4 37. Nc3 Kf4 38. Nd5+ Bxd5 39. exd5 Ke5 40. Kxa2 Kxd5 41. Kb2 Kd4 42. Kc2 Ke3 43. Kd1 Kxf3 44. Ke1 Kg3 45. g5 fxg5 46. Kf1 Kxh3 47. Kg1 g4 48. Kf2 g3+ 49. Kg1 g2 50. Kf2 Kh2 51. Kf3 g1=Q 52. Kf4 Qc5 53. Ke4 Kg3 54. Kd3 Kf3 55. Kd2 Qc4 56. Ke1 Qe2# 0-1


[Site "https://www.chess.com"]

[Event "Titled Tuesday Blitz February 15 Early 2022"]
[White "Wong, Yinn Long"]
[Black "Djokic, Mihailo"]
[WhiteFideId "5707684"]
[BlackFideId "976440"]
[WhiteElo "2055"]
[BlackElo "2008"]
[Result "1-0"]
[Round "03"]
[TimeControl "180+1"]
[Date "2022.02.15"]
[WhiteClock "0:00:10"]
[BlackClock "0:00:07"]

1. Nf3 Nf6 2. b3 g6 3. Bb2 Bg7 4. e3 O-O 5. d4 d6 6. c4 e5 7. dxe5 Nfd7 8. Nc3 dxe5 9. Be2 e4 10. Nd4 Re8 11. O-O c6 12. b4 a5 13. b5 Nc5 14. Qc2 Nd3 15. Nxe4 Nxb2 16. Nc3 Bxd4 17. exd4 Nxc4 18. Bxc4 Qxd4 19. Qb3 Be6 20. Rfe1 a4 21. Nxa4 Nd7 22. Bxe6 Rxe6 23. Nc3 Nc5 24. Qc2 Ra3 25. Ne2 Qd5 26. bxc6 Rxc6 27. Rad1 Nd3 28. Qd2 Qf5 29. Nd4 Qf4 30. Qxf4 Nxf4 31. Nxc6 bxc6 32. Rd2 Nd5 33. Rc1 Kg7 34. h4 Nb4 35. Rc4 Na6 36. Rxc6 Nb4 37. Rc4 Nxa2 38. Rd7 Nc3 39. Rcc7 Ne2+ 40. Kh2 Ra4 41. Rxf7+ Kg8 42. Rg7+ Kf8 43. Rcf7+ Ke8 44. Rxh7 Nf4 45. Rfg7 Kf8 46. Rb7 Kg8 47. Rhc7 Ne6 48. Rc8+ Nf8 49. Rbb8 Rf4 50. Rxf8+ Rxf8 51. Rxf8+ Kxf8 52. Kg3 Kg7 53. Kg4 Kh6 54. f3 Kg7 55. Kg5 Kf7 1-0


[Site "https://www.chess.com"]

[Event "Titled Tuesday Blitz February 15 Early 2022"]
[White "Xie, Bryan"]
[Black "Arabidze, Meri"]
[WhiteFideId "30941296"]
[BlackFideId "13604040"]
[WhiteElo "1899"]
[BlackElo "2329"]
[Result "0-1"]
[Round "03"]
[TimeControl "180+1"]
[Date "2022.02.15"]
[WhiteClock "0:00:04"]
[BlackClock "0:01:20"]

1. d4 Nf6 2. Nf3 e6 3. Bf4 d5 4. e3 Bd6 5. Bg3 c5 6. Nbd2 Nc6 7. c3 O-O 8. Bd3 b6 9. Qe2 Bb7 10. Ne5 Qc7 11. Ndf3 Ne4 12. Nxc6 Bxc6 13. Ne5 f6 14. Nxc6 Qxc6 15. Bxe4 dxe4 16. Qc4 Bxg3 17. hxg3 f5 18. O-O-O Rfd8 19. Rh5 Rd5 20. Rdh1 h6 21. g4 b5 22. Qe2 cxd4 23. exd4 b4 24. gxf5 bxc3 25. fxe6 cxb2+ 26. Kb1 Rc8 0-1


[Site "https://www.chess.com"]

[Event "Titled Tuesday Blitz February 15 Early 2022"]
[White "Xiong, Jeffery"]
[Black "Srihari L R"]
[WhiteFideId "2047640"]
[BlackFideId "46617116"]
[WhiteElo "2727"]
[BlackElo "2121"]
[Result "1-0"]
[Round "03"]
[TimeControl "180+1"]
[Date "2022.02.15"]
[WhiteClock "0:00:29"]
[BlackClock "0:00:01"]

1. e4 c6 2. d4 d5 3. e5 Bf5 4. Nd2 e6 5. Nb3 Nd7 6. Be3 Ne7 7. Be2 Bg6 8. Nf3 Nf5 9. Bd2 Be7 10. g3 h5 11. c3 Qb6 12. a4 c5 13. a5 Qc7 14. a6 b6 15. Bb5 O-O 16. h3 c4 17. Nc1 f6 18. Ne2 fxe5 19. Bxd7 Qxd7 20. Nxe5 Qe8 21. Nf4 Bf7 22. Nxf7 Qxf7 23. Qxh5 Qf6 24. Ng6 Rfe8 25. h4 Bd6 26. Bg5 Nxg3 27. fxg3 Bxg3+ 28. Kd1 Qf5 29. Rg1 Qd3+ 30. Bd2 1-0


[Site "https://www.chess.com"]

[Event "Titled Tuesday Blitz February 15 Early 2022"]
[White "Yang, Kaiqi"]
[Black "Kollars, Dmitrij"]
[WhiteFideId "8604398"]
[BlackFideId "12909572"]
[WhiteElo "2373"]
[BlackElo "2584"]
[Result "1-0"]
[Round "03"]
[TimeControl "180+1"]
[Date "2022.02.15"]
[WhiteClock "0:00:12"]
[BlackClock "0:00:19"]

1. c4 Nf6 2. Nc3 e5 3. Nf3 Nc6 4. e4 Bb4 5. d3 O-O 6. a3 Bxc3+ 7. bxc3 d6 8. Be2 h6 9. O-O Nh7 10. Ne1 f5 11. exf5 Bxf5 12. Rb1 Rb8 13. Bf3 Qd7 14. Bd5+ Kh8 15. f4 Nf6 16. fxe5 Nxd5 17. cxd5 Nxe5 18. Bf4 Qe7 19. Rb2 Ng6 20. Rbf2 Bd7 21. Bd2 Rxf2 22. Rxf2 Re8 23. c4 Kh7 24. h3 Qe5 25. Nf3 Qg3 26. Ng5+ Kg8 27. Ne4 Qh4 28. Be1 Qe7 29. Bc3 Ne5 30. Bxe5 Qxe5 31. Qf3 Kh7 32. Qf7 Re7 33. Nf6+ Qxf6 34. Rxf6 Rxf7 35. Rxf7 Ba4 36. Rxc7 Bd1 37. Rxb7 Bc2 38. Rxa7 Bxd3 39. c5 dxc5 40. d6 1-0


[Site "https://www.chess.com"]

[Event "Titled Tuesday Blitz February 15 Early 2022"]
[White "Zaichenko, Daria"]
[Black "Danaci, Ege"]
[WhiteFideId "4197453"]
[BlackFideId "34506748"]
[WhiteElo "2039"]
[BlackElo "1799"]
[Result "0-1"]
[Round "03"]
[TimeControl "180+1"]
[Date "2022.02.15"]
[WhiteClock "0:01:29"]
[BlackClock "0:00:26"]

1. e4 c5 2. Nf3 e6 3. d4 cxd4 4. Nxd4 a6 5. Nc3 b5 6. Be2 Bb7 7. Bf3 b4 8. Na4 Qa5 9. b3 Nc6 10. Be3 Ne5 11. O-O Nxf3+ 12. Qxf3 Nf6 13. Qe2 Nxe4 14. f4 Rc8 15. Rad1 Be7 16. f5 O-O 17. fxe6 dxe6 18. Qg4 h5 19. Qh3 Nf6 20. Nxe6 fxe6 21. Qxe6+ Rf7 22. Rd7 Bd5 23. Qf5 Nxd7 24. Qxd7 Rxf1+ 25. Kxf1 Qb5+ 26. Kg1 Qxd7 0-1


[Site "https://www.chess.com"]

[Event "Titled Tuesday Blitz February 15 Early 2022"]
[White "Zheenbekov, Nurgazy"]
[Black "Postnikov, Daniil"]
[WhiteFideId "13800485"]
[BlackFideId "4166329"]
[WhiteElo "1959"]
[BlackElo "2261"]
[Result "0-1"]
[Round "03"]
[TimeControl "180+1"]
[Date "2022.02.15"]
[WhiteClock "0:00:56"]
[BlackClock "0:00:58"]

1. e4 e6 2. d4 d5 3. Nc3 Nf6 4. Bd3 c5 5. exd5 Nxd5 6. Nf3 Nc6 7. Nxd5 Qxd5 8. dxc5 Bxc5 9. O-O O-O 10. c4 Qh5 11. Ng5 Qxd1 12. Bxh7+ Kh8 13. Rxd1 f6 14. Ne4 Bxf2+ 15. Kxf2 Kxh7 16. Be3 b6 17. h3 Ne5 18. b3 Bb7 19. Nd6 Bc6 20. a4 Rad8 21. a5 Rb8 22. axb6 axb6 23. Ra7 b5 24. c5 Bd5 25. Bf4 Bxb3 26. Ke3 Bxd1 0-1


[Site "https://www.chess.com"]

[Event "Titled Tuesday Blitz February 15 Early 2022"]
[White "Zhu, Jiner"]
[Black "Bluebaum, Matthias"]
[WhiteFideId "8608059"]
[BlackFideId "24651516"]
[WhiteElo "2281"]
[BlackElo "2550"]
[Result "1-0"]
[Round "03"]
[TimeControl "180+1"]
[Date "2022.02.15"]
[WhiteClock "0:00:40"]
[BlackClock "0:00:03"]

1. e4 e6 2. d4 d5 3. Nc3 Nf6 4. e5 Nfd7 5. f4 c5 6. Nf3 Nc6 7. Be3 a6 8. a3 cxd4 9. Nxd4 Bc5 10. Qd2 O-O 11. Qf2 g5 12. Nxc6 Bxe3 13. Qxe3 gxf4 14. Qxf4 bxc6 15. O-O-O f6 16. exf6 Qxf6 17. Qg3+ Qg7 18. Qd6 Qe5 19. Qxc6 Rb8 20. Bd3 Rb6 21. Qa4 Rf4 22. Qa5 Rf2 23. Rhe1 Qf4+ 24. Kb1 Qc7 25. Ka1 Qc5 26. Qa4 Nf8 27. Qg4+ Kh8 28. Na4 Qc7 29. Nxb6 Qxb6 30. Rf1 e5 31. Qh4 Rxf1 32. Rxf1 Kg8 33. Qg5+ Ng6 34. Bxg6 hxg6 35. Qxe5 Be6 36. Qf6 Qc6 1-0


[Site "https://www.chess.com"]

[Event "Titled Tuesday Blitz February 15 Early 2022"]
[White "parintele_chess"]
[Black "Devaev, Alexander"]
[BlackFideId "4169395"]
[WhiteElo "2199"]
[BlackElo "2185"]
[Result "0-1"]
[Round "03"]
[TimeControl "180+1"]
[Date "2022.02.15"]
[WhiteClock "0:00:42"]
[BlackClock "0:01:36"]

1. d4 Nf6 2. Bf4 e6 3. e3 Be7 4. Nf3 Nh5 5. Bg3 Nxg3 6. hxg3 g6 7. c4 b6 8. Nc3 Bb7 9. Bd3 c5 10. d5 exd5 11. cxd5 d6 12. e4 Bf6 13. Bb5+ Kf8 14. Qd2 a6 15. Be2 Nd7 16. a4 Qe7 17. Bd3 h5 18. O-O Kg7 19. Rfe1 Ne5 20. Nxe5 Bxe5 21. f4 Bd4+ 22. Kf1 h4 23. g4 h3 24. gxh3 Rxh3 25. g5 Rah8 26. Qg2 Rh1+ 27. Ke2 R1h2 28. Kf3 R8h3+ 29. Qg3 Rf2+ 30. Kg4 Bc8+ 31. f5 Rxg3+ 32. Kxg3 Qxg5+ 33. Kh3 Rf3+ 34. Kh2 Be5+ 35. Kh1 Rh3# 0-1


[Site "https://www.chess.com"]

[Event "Titled Tuesday Blitz February 15 Early 2022"]
[White "Abramov, Alexander"]
[Black "Gracia Alvarez, Gerardo Antonio"]
[WhiteFideId "4174089"]
[BlackFideId "5109124"]
[WhiteElo "2130"]
[BlackElo "2139"]
[Result "0-1"]
[Round "04"]
[TimeControl "180+1"]
[Date "2022.02.15"]
[WhiteClock "0:00:10"]
[BlackClock "0:01:16"]

1. e4 c5 2. Nf3 Nc6 3. d4 cxd4 4. Nxd4 Nf6 5. Nc3 e5 6. Ndb5 h6 7. Nd6+ Bxd6 8. Qxd6 Qe7 9. Qxe7+ Kxe7 10. Be3 d6 11. O-O-O Be6 12. f3 a6 13. Bb6 Rhc8 14. g4 Nd7 15. Be3 Na5 16. h4 b5 17. Rh2 Rc6 18. Nd5+ Bxd5 19. Rxd5 Rac8 20. Rhd2 Nf6 21. R5d3 Nc4 22. g5 hxg5 23. hxg5 Ne8 24. Rh2 Nc7 25. Rh7 Ne6 0-1


[Site "https://www.chess.com"]

[Event "Titled Tuesday Blitz February 15 Early 2022"]
[White "Agasarov, Benik"]
[Black "Popadic, Dragan"]
[WhiteFideId "13314823"]
[BlackFideId "913650"]
[WhiteElo "2602"]
[BlackElo "2199"]
[Result "1-0"]
[Round "04"]
[TimeControl "180+1"]
[Date "2022.02.15"]
[WhiteClock "0:01:17"]
[BlackClock "0:00:16"]

1. e4 c5 2. Nf3 Nc6 3. Bb5 e5 4. O-O d6 5. c3 Bd7 6. d4 Qc7 7. Na3 a6 8. Be2 b5 9. Nc2 Nf6 10. Bg5 Nxe4 11. Ne3 Nxg5 12. Nxg5 cxd4 13. Nd5 Qd8 14. Bh5 g6 15. Nxf7 Kxf7 16. Qf3+ Kg7 17. Bg4 Bxg4 18. Qxg4 Be7 19. f4 Rf8 20. f5 g5 21. h4 h6 22. hxg5 hxg5 23. f6+ Bxf6 24. Rf5 Ra7 25. Raf1 Raf7 26. Nxf6 Rxf6 27. Rxg5+ Kh7 28. Rxf6 Rxf6 29. Qh5+ Rh6 30. Qf7+ Kh8 31. Qg7# 1-0


[Site "https://www.chess.com"]

[Event "Titled Tuesday Blitz February 15 Early 2022"]
[White "Agibileg, Uurtsaikh"]
[Black "Erigaisi Arjun"]
[WhiteFideId "4901606"]
[BlackFideId "35009192"]
[WhiteElo "2205"]
[BlackElo "2745"]
[Result "0-1"]
[Round "04"]
[TimeControl "180+1"]
[Date "2022.02.15"]
[WhiteClock "0:00:50"]
[BlackClock "0:01:43"]

1. d4 e6 2. c4 c5 3. d5 exd5 4. cxd5 d6 5. e4 g6 6. Bd3 Bg7 7. h3 Ne7 8. Nf3 O-O 9. O-O Na6 10. Nc3 Qa5 11. Bg5 Re8 12. Qd2 Bd7 13. Qf4 Qb6 14. Rab1 f6 15. Bh6 g5 16. Bxg5 fxg5 17. Nxg5 Rf8 18. Qh4 h6 19. e5 dxe5 20. Nh7 Nf5 21. Bxf5 Rxf5 22. Qe4 Kxh7 23. d6 Qc6 24. Nd5 Nb4 25. Rbd1 Nxd5 26. Rxd5 Kh8 27. Rfd1 Raf8 28. f3 Be6 29. d7 Bxd5 30. Qxf5 Rxf5 31. d8=Q+ Bg8 32. Rd7 Rf8 33. Qc7 Qxc7 34. Rxc7 0-1


[Site "https://www.chess.com"]

[Event "Titled Tuesday Blitz February 15 Early 2022"]
[White "Alavi, Sayed Javad"]
[Black "Niemann, Hans Moke"]
[WhiteFideId "12500607"]
[BlackFideId "2093596"]
[WhiteElo "2475"]
[BlackElo "2636"]
[Result "0-1"]
[Round "04"]
[TimeControl "180+1"]
[Date "2022.02.15"]
[WhiteClock "0:00:42"]
[BlackClock "0:01:36"]

1. e4 c5 2. Nf3 Nc6 3. Bb5 e6 4. O-O Nge7 5. Re1 a6 6. Bxc6 Nxc6 7. d4 cxd4 8. Nxd4 Be7 9. Nxc6 dxc6 10. Qg4 Kf8 11. e5 h5 12. Qe2 c5 13. Nc3 Bd7 14. h3 Bc6 15. Bf4 Qd4 16. Bh2 Rh6 17. Rad1 Qb4 18. Rd3 h4 19. b3 Rg6 20. Ne4 Kg8 21. c4 b5 22. Rc1 bxc4 23. Rxc4 Qb6 24. a4 Bd5 25. Rcc3 c4 26. a5 cxd3 0-1


[Site "https://www.chess.com"]

[Event "Titled Tuesday Blitz February 15 Early 2022"]
[White "Alinasab, Mobina"]
[Black "Xie, Bryan"]
[WhiteFideId "12528897"]
[BlackFideId "30941296"]
[WhiteElo "2061"]
[BlackElo "1899"]
[Result "1-0"]
[Round "04"]
[TimeControl "180+1"]
[Date "2022.02.15"]
[WhiteClock "0:01:53"]
[BlackClock "0:00:45"]

1. Nf3 c5 2. g3 Nc6 3. d4 cxd4 4. Nxd4 g6 5. b3 Bg7 6. Bb2 Qa5+ 7. c3 Bxd4 8. b4 Qd5 9. cxd4 Qxh1 10. d5 Nf6 11. dxc6 bxc6 12. Nc3 O-O 13. Qd2 Qxh2 14. Qd4 d6 15. Ne4 1-0


[Site "https://www.chess.com"]

[Event "Titled Tuesday Blitz February 15 Early 2022"]
[White "Allahverdiyeva, Ayan"]
[Black "Goltsev, Dmitry"]
[WhiteFideId "13412590"]
[BlackFideId "24176710"]
[WhiteElo "1910"]
[BlackElo "2273"]
[Result "0-1"]
[Round "04"]
[TimeControl "180+1"]
[Date "2022.02.15"]
[WhiteClock "0:00:07"]
[BlackClock "0:01:17"]

1. e4 e6 2. d4 d5 3. Nc3 c5 4. dxc5 d4 5. Bb5+ Nc6 6. Nce2 Bxc5 7. Nf4 Qa5+ 8. Bd2 Qxb5 9. Qg4 g6 10. Nd3 e5 11. Qf3 Be7 12. h4 h5 13. Nh3 Nf6 14. Ng5 Bg4 15. Qg3 Nb4 16. Bxb4 Bxb4+ 17. Kf1 Bd6 18. f3 Bd7 19. Re1 Rc8 20. Re2 Rxc2 21. Rxc2 Qxd3+ 22. Re2 Bb5 23. Qe1 O-O 24. Kf2 Bb4 25. Qxb4 Qxe2+ 26. Kg3 Re8 27. Qd6 Kg7 28. Rc1 Bd7 29. Rc7 Qe1+ 30. Kh2 Qxh4+ 31. Kg1 Qxg5 32. Rxb7 h4 33. Kh2 Rc8 34. Rxa7 0-1


[Site "https://www.chess.com"]

[Event "Titled Tuesday Blitz February 15 Early 2022"]
[White "Al-Tarboush, Ward"]
[Black "Kalogridis, Antonios"]
[WhiteFideId "7601450"]
[BlackFideId "25833901"]
[WhiteElo "2276"]
[BlackElo "1495"]
[Result "1-0"]
[Round "04"]
[TimeControl "180+1"]
[Date "2022.02.15"]
[WhiteClock "0:00:39"]
[BlackClock "0:00:08"]

1. e4 c6 2. Nf3 d5 3. Nc3 Nf6 4. e5 Ne4 5. Ne2 Qb6 6. d4 e6 7. Ng3 Nxg3 8. hxg3 c5 9. c3 Nc6 10. Bd3 Bd7 11. Kf1 cxd4 12. cxd4 Nxd4 13. Be3 Bc5 14. Rc1 Rc8 15. Rxc5 Qxc5 16. Nxd4 Qa5 17. a3 a6 18. Rh4 Ba4 19. Qd2 Qxd2 20. Bxd2 Bd7 21. g4 Ke7 22. g5 b6 23. Ke2 g6 24. Bb4+ Kd8 25. Kd2 a5 26. Bd6 Bc6 27. Nxc6+ Rxc6 28. Bb5 Rc8 29. b3 Ra8 30. a4 Rc8 31. Rf4 Rc5 32. Rxf7 Kc8 33. Ra7 Kd8 34. Rb7 Rxb5 35. axb5 h5 36. Rb8+ Kd7 37. Rxh8 h4 38. Rxh4 Kd8 39. Ra4 Kd7 40. g4 d4 41. Rxd4 Kc8 42. Ba3 Kb7 43. Rd7+ Ka8 44. Re7 a4 45. bxa4 Kb8 46. a5 Ka8 47. a6 Kb8 48. Bd6+ Ka8 49. Bc7 Ka7 50. Bd8+ Ka8 51. Bxb6 Kb8 52. Re8# 1-0


[Site "https://www.chess.com"]

[Event "Titled Tuesday Blitz February 15 Early 2022"]
[White "Altucher, James"]
[Black "Aydin, Gulenay"]
[WhiteFideId "30987458"]
[BlackFideId "34557431"]
[WhiteElo "2176"]
[BlackElo "1429"]
[Result "0-1"]
[Round "04"]
[TimeControl "180+1"]
[Date "2022.02.15"]
[WhiteClock "0:00:08"]
[BlackClock "0:00:48"]

1. e4 c5 2. Nf3 d6 3. d3 g6 4. g3 Bg7 5. Bg2 Nf6 6. O-O O-O 7. c3 Nc6 8. Re1 Rb8 9. Nbd2 b5 10. Nf1 b4 11. d4 Nd7 12. Be3 a5 13. Qd2 Ba6 14. Bh6 a4 15. Bxg7 Kxg7 16. a3 bxc3 17. bxc3 Qa5 18. e5 Bxf1 19. Kxf1 cxd4 20. exd6 dxc3 21. Qf4 e5 22. Qc4 Qb5 23. Qxb5 Rxb5 24. Rac1 Rc5 25. Ng5 Nf6 26. Re3 c2 27. Ne4 Nxe4 28. Bxe4 Nd4 29. Rd3 Rb8 0-1


[Site "https://www.chess.com"]

[Event "Titled Tuesday Blitz February 15 Early 2022"]
[White "Ambartsumova, Karina"]
[Black "Faizrakhmanov, Ramil"]
[WhiteFideId "4166299"]
[BlackFideId "24103209"]
[WhiteElo "2262"]
[BlackElo "2502"]
[Result "1/2-1/2"]
[Round "04"]
[TimeControl "180+1"]
[Date "2022.02.15"]
[WhiteClock "0:00:05"]
[BlackClock "0:00:06"]

1. c4 Nf6 2. Nf3 g6 3. b3 Bg7 4. Bb2 O-O 5. g3 d6 6. d4 e5 7. dxe5 Ng4 8. Bg2 Nxe5 9. Qc1 Nxf3+ 10. Bxf3 Nc6 11. O-O Ne5 12. Bg2 c6 13. Nc3 Qe7 14. Rd1 Bf5 15. h3 Rad8 16. f4 Nd7 17. e4 Be6 18. Re1 Nc5 19. Qc2 a5 20. Rad1 Bc8 21. a3 Qc7 22. b4 axb4 23. axb4 Ne6 24. Qf2 Rfe8 25. Kh2 Nf8 26. g4 Be6 27. Bf1 d5 28. cxd5 cxd5 29. Nb5 Qb8 30. Bxg7 Kxg7 31. exd5 Bd7 32. Qd4+ Kg8 33. Nc3 Qd6 34. Re5 f6 35. Rxe8 Rxe8 36. Bg2 g5 37. Rf1 Ne6 38. Qxf6 Rf8 39. Qe5 Qxe5 40. fxe5 Nf4 41. Ne4 Nxd5 42. Nxg5 Rxf1 43. Bxf1 Nxb4 44. Bc4+ Kg7 45. e6 Be8 46. Ne4 Bc6 47. Nd6 Kf6 48. Nf5 Bd5 49. Bxd5 Nxd5 50. Nd4 b6 51. Kg3 Nc7 52. Kf3 Nxe6 53. Nb5 Nc5 54. Kf4 h6 55. h4 Ne6+ 56. Ke4 Nc5+ 57. Kd5 Ne6 58. g5+ hxg5 59. hxg5+ Nxg5 60. Kc6 Ne6 61. Kxb6 1/2-1/2


[Site "https://www.chess.com"]